cohdb
Replays
Latest Replays
All Replays
Popular Replays
Top Player Replays
Match Explorer
How It Works
Community
CoH3 Stats
Reddit
Sign in to upload your games and track your stats! →
Sign in with Steam
Match 39755701
Unlisted
Match 39755701
Overview
Messages
Build Orders
End
Royal Engineer Section
Vickers Machine Gun Team
Construct Section Command Post
Infantry Section
Infantry Section
Construct Platoon Command Post
Selects Air and Sea Battlegroup
Selects Commando Section Paradrop
Selects Commando Support Section Paradrop
Commando Support Section Paradrop
Construct Field Infirmary
Humber Armored Car
Construct Company Command Post
Commando Section Paradrop
Foot Guards Section
Infantry Training
Grenade Package
Unlock M3 Grant Medium Tanks
Selects Anti-tank Rocket Loiter
M3 Grant Medium Tank
Selects Supply Surplus
Selects UNKNOWN (223837)
drChengele
^3
0
0
Comments
sign in to comment!
No comments posted yet!